 Dungeon Crawl Stone Soup version 0.29-a0-337-g68df138881 (webtiles) character file.

Game seed: 9727063434539890949

613 Morbidden the Sneak (level 7, -2/52 HPs)
             Began as a Demonspawn Brigand on Apr 16, 2022.
             Splashed by a jelly's acid (8 damage)
             ... on level 5 of the Dungeon.
             The game lasted 00:08:14 (6170 turns).

Morbidden the Sneak (Demonspawn Brigand)            Turns: 6170, Time: 00:08:15

Health: -2/52      AC: -8    Str: 12    XL:     7   Next: 20%
Magic:  13/19      EV: 15    Int: 14    God:
Gold:   281        SH:  0    Dex: 14    Spells: 8/10 levels left

rFire   . . .      SeeInvis +   a - +2 dagger
rCold   . . .      Faith    .   (no shield)
rNeg    . . .      Spirit   .   B - +0 scale mail
rPois   .          Reflect  .   k - +0 hat {SInv}
rElec   .          Harm     .   c - +0 cloak
rCorr   .          Rampage  .   (no gloves)
Will    .....                   z - +0 pair of boots
Stlth   ++........              (no amulet)
HPRegen 0.17/turn               y - ring of magical power
MPRegen 0.32/turn               r - +4 ring of evasion

@: corroded, very slightly contaminated
A: magic regeneration, sturdy frame 2
a: no special abilities


You were on level 5 of the Dungeon.
You visited 1 branch of the dungeon, and saw 5 of its levels.

You collected 281 gold pieces.

Inventory:

Hand Weapons
 a - a +2 dagger (weapon)
 A - a +0 club
Missiles
 e - 2 curare-tipped darts
 l - 9 boomerangs
 v - 14 poisoned darts (quivered)
 w - a throwing net
Armour
 c - a +0 cloak (worn)
 k - a +0 hat of see invisible (worn)
 z - a +0 pair of boots (worn)
 B - a +0 scale mail (worn)
Jewellery
 i - a ring of protection from fire
 r - a +4 ring of evasion (right hand)
 y - a ring of magical power (left hand)
Scrolls
 g - a scroll of enchant weapon {unknown}
 h - a scroll of vulnerability {unknown}
 m - 2 scrolls of fear
 n - 3 scrolls of teleportation {unknown}
 o - 2 scrolls of holy word {unknown}
 p - 2 scrolls of amnesia {unknown}
 s - 3 scrolls of identify {unknown}
 t - a scroll of blinking {unknown}
 u - 2 scrolls of magic mapping {unknown}
 C - a scroll of enchant armour {unknown}
Potions
 b - 3 potions of heal wounds {unknown}
 d - 2 potions of brilliance {unknown}
 f - 4 potions of curing
 j - a potion of mutation {unknown}
 q - a potion of degeneration {unknown}
 x - 3 potions of lignification {unknown}


   Skills:
 * Level 3.3 Fighting
 * Level 4.3 Short Blades
 + Level 2.6 Throwing
 * Level 3.0 Dodging
 + Level 4.4 Stealth
 * Level 2.3 Spellcasting
 * Level 1.1 Translocations


You had 8 spell levels left.
You knew the following spells:

 Your Spells              Type           Power      Damage    Failure   Level
a - Blink                 Tloc           8%         N/A       38%         2

Your spell library contained the following spells:

 Spells                   Type           Power      Damage    Failure   Level
 Summon Small Mammal      Summ           4%         N/A       41%         1
 Call Canine Familiar     Summ           1%         N/A       78%         3
 Summon Guardian Golem    Hex/Summ       1%         N/A       78%         3
 Manifold Assault         Tloc           4%         N/A       100%        5
 Storm Form               Tmut/Air       0%         N/A       100%        7


Dungeon Overview and Level Annotations

Branches:
Dungeon (5/15)
 Temple: D:4-7

Altars:
Wu Jian

Shops:
D:3 [

Annotations:
D:3 Grinder


Innate Abilities, Weirdness & Mutations

You regenerate magic rapidly.
Your movements are less encumbered by armour. (ER -4)


Message History

The quokka closely misses you. The jelly hits you but does no damage.
You hit the jelly.
Your hands burn!
The jelly is almost dead.
The quokka closely misses you.
You hit the jelly. The acid corrodes you!
Your hands burn!
The jelly is almost dead.
The quokka closely misses you. The jelly misses you.
You hit the jelly but do no damage. The acid corrodes you!
Your hands burn!
You punch the jelly, but do no damage.
The jelly is almost dead.
The quokka barely misses you. The jelly hits you.
You are splashed with acid!
You are too injured to fight recklessly!
You are too injured to fight recklessly!
You are too injured to fight recklessly!
Casting: Blink (dangerous; 38% risk of failure)
Confirm with . or Enter, or press ? or * to list all spells.
You miscast Blink.
You are very lightly contaminated with residual magic.
Nothing appears to happen.
The quokka barely misses you. The jelly barely misses you.
Unknown command.
Unknown command.
Casting: Blink (dangerous; 38% risk of failure)
Confirm with . or Enter, or press ? or * to list all spells.
You miscast Blink.
Nothing appears to happen.
The quokka bites you.
* * * LOW HITPOINT WARNING * * *
The jelly hits you.
* * * LOW HITPOINT WARNING * * *
The acid corrodes you!
You are splashed with acid.
* * * LOW HITPOINT WARNING * * *
Unknown command.
Unknown command.
Unknown command.
Casting: Blink (dangerous; 38% risk of failure)
Confirm with . or Enter, or press ? or * to list all spells.
You miscast Blink.
Nothing appears to happen.
The quokka closely misses you. The jelly hits you.
* * * LOW HITPOINT WARNING * * *
You are splashed with acid!
You die...

........####...
...$........<..
...............
.............
............ ..#
..........## .....
.......Jr..##(....
.......@...#......
.........#........
##......##.......
##......#....#
#.............##
#.........<....#
##..............#
#................
##.#...#.........


You could see a jelly and a quokka.

Vanquished Creatures
  A phantom (D:4)
  A bullfrog (D:4)
  A scorpion (D:4)
  A hound (D:4)
  A gnoll shaman (D:4)
  2 orc priests (D:4)
  2 orc wizards (D:4)
  8 gnolls (D:4)
  6 adders
  2 white imps (D:4)
  2 worms
  2 dart slugs (D:1)
  An orc (D:4)
  7 ball pythons
  6 bats
  10 endoplasms
  5 giant cockroaches
  10 goblins
  3 hobgoblins
  9 jackals
  10 kobolds
  2 quokkas
  4 frilled lizards
  6 rats
102 creatures vanquished.

Notes
Turn   | Place    | Note
-------+----------+-------------------------------------------
     0 | D:1      | Morbidden the Demonspawn Brigand began the quest for the
                  | Orb.
     0 | D:1      | Reached XP level 1. HP: 16/16 MP: 1/1
   102 | D:1      | Reached skill level 1 in Dodging
   192 | D:1      | Gained mutation: You regenerate magic rapidly. [demonic
                  | ancestry]
   192 | D:1      | Reached XP level 2. HP: 18/22 MP: 2/2
  1141 | D:2      | Reached XP level 3. HP: 27/27 MP: 3/3
  1411 | D:2      | Reached skill level 1 in Spellcasting
  1742 | D:2      | Reached XP level 4. HP: 33/34 MP: 5/5
  2703 | D:3      | Found Adodeub's Antique Armour Shoppe.
  2723 | D:3      | Noticed Grinder
  2737 | D:3      | Paralysed by Grinder for 6 turns
  2814 | D:3      | Found a faded altar of an unknown god.
  2958 | D:4      | Gained mutation: Your movements are slightly less
                  | encumbered by armour. (ER -2) [demonic ancestry]
  2958 | D:4      | Reached XP level 5. HP: 25/39 MP: 5/7
  3495 | D:4      | Reached XP level 6. HP: 30/46 MP: 8/8
  3754 | D:4      | Learned a level 2 spell: Blink
  4861 | D:4      | Gained mutation: Your movements are less encumbered by
                  | armour. (ER -4) [demonic ancestry]
  4861 | D:4      | Reached XP level 7. HP: 52/52 MP: 10/10
  5425 | D:3      | Reached skill level 1 in Translocations
  5745 | D:3      | Found an ornate altar of the Wu Jian Council.
  5813 | D:3      | Paralysed by Grinder for 2 turns
  6154 | D:5      | Entered Level 5 of the Dungeon
  6170 | D:5      | Splashed by a jelly's acid

Illustrated notes

Levels and vault maps discovered:
D:1:      minmay_arrival_nine_rooms, layout_loops_ring
D:2:      layout_basic, chequers_serial_rivers_micro_a
D:3:      minmay_razor_zed, layout_loops_cross, nicolae_wu_jian_glorious_leap,
          serial_shops, nicolae_shop_statue_plus,
          chequers_ecumenical_altar_simple_redux, uniq_grinder
D:4:      minmay_chambers_of_fours, layout_basic, minmay_fire_ice_demons
D:5:      layout_cave_pools, mainiacjoe_overflow_chevrons,
          minmay_temple_entry_statues_fountains, serial_column_ruins,
          column_ruins_grid_1, column_ruins_open_small, column_ruins_open_small,
          column_ruins_open_tiny, minmay_small_thing, uniq_prince_ribbit1,
          uniq_menkaure

Skill      XL: |  1  2  3  4  5  6  7 |
---------------+----------------------+-----
Dodging        | 1 2 3 |  3.0
Short Blades   | 2 3 4 |  4.3
Stealth        | 4 |  4.4
Throwing       | 2 |  2.6
Spellcasting   | 1 2 |  2.3
Fighting       | 3 |  3.3
Translocations | 1 |  1.1

Action                   |  1- 3 |  4- 6 |  7- 9 || total
-------------------------+-------+-------+-------++-------
Melee: Dagger            |   106 |   200 |    94 ||   400
       Punch             |     1 |     4 |     2 ||     7
Throw: Dart              |    32 |    22 |     1 ||    55
 Cast: Blink             |       |       |     2 ||     2
  Use: Potion            |       |     4 |       ||     4
       Scroll            |       |     1 |       ||     1
 Stab: Sleeping          |     4 |     9 |     4 ||    17
       Distracted        |       |       |     1 ||     1
Armor: Robe              |    28 |    32 |     6 ||    66
       Scale mail        |       |       |     9 ||     9
Dodge: Dodged            |    54 |   118 |    67 ||   239

Table legend: (Time is in decaauts)
 A = Elapsed time spent in this place.
 B = Non-inter-level travel time spent in this place.
 C = Inter-level travel time spent in this place.
 D = Time resting spent in this place.
 E = Time spent auto-exploring this place.
 F = Levels seen in this place.
 G = Mean time per level.
                   A        B        C        D        E       F      G
               +--------+--------+--------+--------+--------+-----+--------+
         Total |   6101 |   5933 |    168 |    970 |   3877 |   5 | 1220.2 |
       Dungeon |   6101 |   5933 |    168 |    970 |   3877 |   5 | 1220.2 |
               +--------+--------+--------+--------+--------+-----+--------+

Top non-repeatable levels by time:
     D:4: 2059 daAuts
     D:3: 1573 daAuts
     D:2: 1447 daAuts
     D:1: 1006 daAuts
     D:5: 13 daAuts
